 Dungeon Crawl Stone Soup version 0.29-a0-319-gad05b8d819 (webtiles) character file.

Game seed: 6015775231363396557

4 kae the Firebug (level 1, 0/10 HPs)
             Began as a Tengu Fire Elementalist on Apr 1, 2022.
             Slain by a jackal (1 damage)
             ... on level 1 of the Dungeon.
             The game lasted 00:00:08 (36 turns).

kae the Firebug (Tengu Fire Elementalist)             Turns: 36, Time: 00:00:08

Health: 0/10       AC:  2    Str:  8    XL:     1   Next: 60%
Magic:  1/4        EV: 12    Int: 15    God:
Gold:   0          SH:  0    Dex: 14    Spells: 3/4 levels left

rFire   . . .      SeeInvis .   (no weapon)
rCold   . . .      Faith    .   (no shield)
rNeg    . . .      Spirit   .   a - +0 robe
rPois   .          Reflect  .   (helmet restricted)
rElec   .          Harm     .   (no cloak)
rCorr   .          Rampage  .   (no gloves)
Will    .....                   (boots unavailable)
Stlth   ++........              (no amulet)
HPRegen 0.03/turn               (no ring)
MPRegen 0.09/turn               (no ring)

@: no status effects
A: beak, talons 3
a: no special abilities


You were on level 1 of the Dungeon.
You visited 1 branch of the dungeon, and saw 1 of its levels.

Inventory:

Armour
 a - a +0 robe (worn)
Jewellery
 c - an amulet of the acrobat
Potions
 b - a potion of magic


   Skills:
 + Level 0.1 Fighting
 + Level 0.2 Armour
 + Level 2.2 Dodging
 - Level 2.0 Stealth
 + Level 2.0 Spellcasting
 + Level 1.4 Conjurations
 * Level 3.4 Fire Magic


You had 3 spell levels left.
You knew the following spells:

 Your Spells              Type           Power      Damage    Failure   Level
a - Foxfire               Conj/Fire      32%        2x1d5     9%          1

Your spell library contained the following spells:

 Spells                   Type           Power      Damage    Failure   Level
 Scorch                   Fire           22%        2d6       9%          2
 Conjure Flame            Conj/Fire      8%         6-21      24%         3
 Inner Flame              Hex/Fire       6%         N/A       32%         3
 Flame Wave               Conj/Fire      8%         2d5       63%         4


Dungeon Overview and Level Annotations

Branches:
Dungeon (1/15)

Altars:


Innate Abilities, Weirdness & Mutations

You have a beak for a mouth.
You have claws for feet.


Message History

The jackal closely misses you.
The foxfire hits the jackal but does no damage.
Casting: Foxfire (safe; 9% risk of failure)
Confirm with . or Enter, or press ? or * to list all spells.
You conjure some foxfire!
The foxfire hits the jackal.
You kill the jackal!
The jackal bites you.
The jackal bites you but does no damage.
The jackal bites you. The jackal misses you.
Casting: Foxfire (safe; 9% risk of failure)
Confirm with . or Enter, or press ? or * to list all spells.
You conjure some foxfire!
The jackal barely misses you.
The foxfire hits the jackal.
You kill the jackal!
The jackal barely misses you. The jackal closely misses you.
The jackal barely misses you.
You closely miss the jackal. You claw the jackal, but do no damage.
The jackal misses you.
An endoplasm comes into view.
You barely miss the jackal.
The endoplasm quivers.
You claw the jackal.
The jackal is almost dead.
The jackal closely misses you.
The jackal bites you but does no damage.
The jackal closely misses you.
You barely miss the jackal. Your kick misses the jackal.
The jackal is almost dead.
The jackal misses you. The jackal closely misses you. x2
The jackal bites you but does no damage.
The jackal completely misses you. The jackal barely misses you.
You hit the jackal but do no damage. You peck the jackal.
You kill the jackal!
The jackal bites you. The jackal misses you.
The jackal attacks as you move away! The jackal closely misses you. x2
The jackal bites you.
* * * LOW HITPOINT WARNING * * *
The jackal closely misses you. The jackal attacks as you move away!
The jackal bites you.
You die...

#######
#<...8####8###
#≈#.....'.......
.
#≈#8...8##8#+#8#
.. #≈###'### #
...###≈#≈#.#
......≈ ♣8.#♣
......≈#≈#.8#
......≈###@##
.......Jhhh+
...##.≈###†# #.≈
#.8# .h.≈ 8.#♣
....≈ #.#
.h....≈ #+#
...##.≈ h#. #.≈


You could see an endoplasm and 3 jackals.

Vanquished Creatures
  3 jackals (D:1)
3 creatures vanquished.

Vanquished Creatures (others)
  2 foxfires (D:1)
2 creatures vanquished.

Grand Total: 5 creatures vanquished

Notes
Turn   | Place    | Note
-------+----------+-------------------------------------------
     0 | D:1      | kae the Tengu Fire Elementalist began the quest for the
                  | Orb.
     0 | D:1      | Reached XP level 1. HP: 10/10 MP: 4/4
    36 | D:1      | Slain by a jackal

Illustrated notes

Levels and vault maps discovered:
D:1:      saegor_arrival_fortress, layout_basic,
          dreamdust_ecumenical_altar_grove, amcnicky_mini_rare_corridor_liquid

Action                   || total
-------------------------++-------
Melee: Unarmed           ||     4
       Kick              ||     2
       Peck              ||     1
 Cast: Foxfire           ||     4
Armor: Robe              ||     4
Dodge: Dodged            ||    20

Table legend: (Time is in decaauts)
 A = Elapsed time spent in this place.
 B = Non-inter-level travel time spent in this place.
 C = Inter-level travel time spent in this place.
 D = Time resting spent in this place.
 E = Time spent auto-exploring this place.
 F = Levels seen in this place.
 G = Mean time per level.
                   A        B        C        D        E       F      G
               +--------+--------+--------+--------+--------+-----+--------+
         Total |     36 |     36 |      0 |      0 |     17 |   1 |   36.0 |
       Dungeon |     36 |     36 |      0 |      0 |     17 |   1 |   36.0 |
               +--------+--------+--------+--------+--------+-----+--------+

Top non-repeatable levels by time:
     D:1: 36 daAuts
